 Dungeon Crawl Stone Soup version 0.30.0-29-ga12c61a403 (webtiles) character file.

Game seed: 10633665265835311922

156 Bnni the Digger (level 5, -5/38 HPs)
             Began as a Formicid Earth Elementalist on June 20, 2023.
             Killed by divine providence
             ... invoked by an orc priest
              (13 damage)
             ... on level 3 of the Dungeon.
             The game lasted 00:03:23 (2473 turns).

Bnni the Digger (Formicid Earth Elementalist)       Turns: 2473, Time: 00:03:24

Health: -5/38      AC:  5    Str: 13    XL:     5   Next: 65%
Magic:  8/8        EV: 10    Int: 22    God:
Gold:   138        SH:  0    Dex: 14    Spells: 3/9 levels left

rFire   . . .        c - +0 mace
rCold   + . .        (no shield)
rNeg    . . .        q - +0 ring mail
rPois   .            (helmet unavailable)
rElec   .            (no cloak)
rCorr   .            (no gloves)
SInv    +            (no boots)
Will    .....        (no amulet)
Stlth   +            l - ring of protection from cold
HPRegen 0.26/turn    m - +6 ring of intelligence
MPRegen 0.11/turn

%: no passive effects
@: very slightly contaminated
A: permanent stasis, dig shafts and tunnels, antennae 3, four strong arms
a: Dig, Shaft Self


You were on level 3 of the Dungeon.
You visited 1 branch of the dungeon, and saw 3 of its levels.

You collected 138 gold pieces.

Inventory:

Hand Weapons
 c - a +0 mace (weapon)
Armour
 f - a +0 scale mail
 q - a +0 ring mail (worn)
Jewellery
 k - a ring of fire
 l - a ring of protection from cold (left hand)
 m - a +6 ring of intelligence (right hand)
Scrolls
 h - a scroll of immolation {unknown}
 i - 2 scrolls of fog
 n - a scroll of enchant weapon {unknown}
 p - a scroll of identify {unknown}
Potions
 a - 2 potions of mutation {unknown}
 b - 3 potions of magic
 d - 2 potions of curing {unknown}
 e - a potion of heal wounds {unknown}
 g - a potion of flight {unknown}
 j - a potion of might {unknown}
 o - 2 potions of haste {unknown}


   Skills:
 + Level 1.6 Fighting
 - Level 1.7 Dodging
 - Level 2.4 Stealth
 + Level 2.6 Spellcasting
 * Level 2.0 Conjurations
 * Level 2.9 Transmutations
 * Level 4.7 Earth Magic


You had 3 spell levels left.
You knew the following spells:

 Your Spells              Type           Power      Damage    Failure   Level
a - Sandblast             Erth           46%        2d11      4%          1
b - Passwall              Tmut/Erth      15%        N/A       9%          2
c - Stone Arrow           Conj/Erth      34%        3d9       22%         3

Your spell library contained the following spells:

 Spells                   Type           Power      Damage    Failure   Level
 Ensorcelled Hibernation  Hex/Ice        4%         N/A       41%         2
 Spider Form              Tmut/Pois      9%         N/A       43%         3
 Hailstorm                Conj/Ice       7%         3d4       50%         3
 Petrify                  Tmut/Erth      19%        N/A       50%         4
 Ice Form                 Ice/Tmut       9%         N/A       83%         4
 Anguish                  Hex/Necr       1%         N/A       96%         4
 Simulacrum               Ice/Necr       1%         N/A       100%        6


Dungeon Overview and Level Annotations

Branches:
Dungeon (3/15)

Altars:
Fedhas
Ru

Shops:
D:2 ?


Innate Abilities, Weirdness & Mutations

You cannot be hasted, slowed, berserked, paralysed or teleported.
You can dig through walls and to a lower floor.
You have a pair of large antennae on your head. (SInv)
Your four strong arms can wield two-handed weapons with a shield.


Message History

The blast of sand hits the orc!
You kill the orc!
The orc priest invokes the aid of Beogh against you.
Beogh smites you!
Aiming: Sandblast (safe; 4% risk of failure)
Press: ? - help, Q - select action, (/) - cycle Shift-Dir - straight line, f/p - orc
Aim: an orc, wielding a +0 dagger and wearing a +0 chain mail (moderately wounded, 87% to hit)
The blast of sand hits the orc wizard.
The orc wizard is heavily wounded.
The orc priest mumbles some strange prayers to Beogh against you.
Beogh smites you!
* * * LOW HITPOINT WARNING * * *
Aiming: Sandblast (safe; 4% risk of failure)
Press: ? - help, Q - select action, (/) - cycle Shift-Dir - straight line, f/p - orc
Aim: an orc, wielding a +0 dagger and wearing a +0 chain mail (moderately wounded, 87% to hit)
You miscast Sandblast.
You are very lightly contaminated with residual magic.
Nothing appears to happen.
The orc wizard barely misses you.
Aiming: Sandblast (safe; 4% risk of failure)
Press: ? - help, Q - select action, (/) - cycle Shift-Dir - straight line, f/p - orc
Aim: an orc, wielding a +0 dagger and wearing a +0 chain mail (moderately wounded, 87% to hit)
The blast of sand hits the orc wizard!
You kill the orc wizard!
An orc priest comes into view. It is wielding a +0 dagger.
Your Conjurations skill increases to level 2!
Aiming: Sandblast (safe; 4% risk of failure)
Press: ? - help, Q - select action, (/) - cycle Shift-Dir - straight line, f/p - orc
Aim: an orc, wielding a +0 dagger and wearing a +0 chain mail (moderately wounded, 87% to hit)
The blast of sand hits the orc priest.
The orc priest is lightly wounded.
The orc priest looks braver for a moment.
The orc priest hits you with a +0 hand axe.
* * * LOW HITPOINT WARNING * * *
The orc priest closely misses you.
Unknown command.
Magic courses through your body.
The orc priest calls down the wrath of Beogh upon you.
Beogh smites you!
You die...

# #.. ### # #.# ... .#
#########.# ####.#
#########.......#.######
......
........................
#..#.#
.......##.......#.######
#..#.# #
#......##.......#.#
#..#.#.#
#.................#
....†..#
####.#@#########.#
.....#.. #o# #.#
...###.#.. #o# #.#
.......... #o. #.#
##.###.##. ### ### ##
#.# { .. #.# ### ## #.#
#<# #.# #.#


You could see 2 orc priests and an orc.

Vanquished Creatures
  An orc priest (D:3)
  An orc wizard (D:3)
  3 adders (D:3)
  3 worms (D:2)
  3 dart slugs
  6 orcs (D:3)
  9 ball pythons
  6 endoplasms (D:1)
  A giant cockroach (D:1)
  3 goblins
  3 hobgoblins
  3 quokkas (D:1)
  4 bats
  8 frilled lizards
  2 kobolds (D:1)
  3 rats
59 creatures vanquished.

Notes
Turn   | Place    | Note
-------+----------+-------------------------------------------
     0 | D:1      | Bnni the Formicid Earth Elementalist began the quest for
                  | the Orb.
     0 | D:1      | Reached XP level 1. HP: 13/13 MP: 3/3
    76 | D:1      | Reached XP level 2. HP: 19/19 MP: 3/5
    79 | D:1      | Learned a level 2 spell: Passwall
   363 | D:1      | Reached skill level 4 in Earth Magic
   487 | D:1      | Reached XP level 3. HP: 25/25 MP: 4/6
   806 | D:1      | Reached skill level 1 in Conjurations
   945 | D:1      | Learned a level 3 spell: Stone Arrow
  1334 | D:2      | Found Jeicw's Magic Scroll Shoppe.
  1347 | D:2      | Reached XP level 4. HP: 31/31 MP: 5/7
  1397 | D:2      | Found a sacrificial altar of Ru.
  1711 | D:3      | Found a blossoming altar of Fedhas.
  1755 | D:3      | Reached skill level 1 in Fighting
  1948 | D:3      | Reached XP level 5. HP: 37/37 MP: 6/8
  2359 | D:3      | Found a faded altar of an unknown god.
  2473 | D:3      | Killed from afar by an orc priest

Illustrated notes

Levels and vault maps discovered:
D:1:      ncdulo_watergridlock, layout_basic, minmay_fountain_box
D:2:      layout_loops_ring, basic_altar, serial_shops, shop
D:3:      layout_basic, fedhas_ov_isle_minmay, kennysheep_okawaru_gauntlet,
          basic_ecumenical_altar, uniq_terence

Skill      XL: |  1  2  3  4  5 |
---------------+----------------+-----
Earth Magic    | 4 |  4.7
Conjurations   | 1 2 |  2.0
Transmutations | 2 |  2.9
Fighting       | 1 |  1.6
Dodging        | |  1.7
Stealth        | |  2.4
Spellcasting   | |  2.6

Action                     |  1- 3 |  4- 6 || total
---------------------------+-------+-------++-------
  Melee: Mace              |    14 |     3 ||    17
   Cast: Sandblast         |    43 |    36 ||    79
    Use: Scroll            |       |     1 ||     1
         Potion            |       |     1 ||     1
 Armour: Robe              |     2 |       ||     2
         Leather armour    |       |     2 ||     2
         Ring mail         |       |     2 ||     2
  Dodge: Dodged            |    21 |    11 ||    32
